 Dungeon Crawl Stone Soup version 0.27-a0-906-g0a00ce863d (webtiles) character file.

Game seed: 3481344833547897191

1821 funkygono the Thaumaturge (level 9, -8/57 HPs)
             Began as a Djinni Fire Elementalist on Apr 7, 2021.
             Was a Follower of Lugonu.
             Mangled by Harold
             ... wielding a +0 dire flail
              (25 damage)
             ... on level 6 of the Dungeon.
             The game lasted 00:13:27 (7663 turns).

funkygono the Thaumaturge (DjFE)                    Turns: 7663, Time: 00:13:27

Health: -8/57      AC: 12    Str:  8    XL:     9   Next: 10%
Gold:   405        EV: 13    Int: 19    God:    Lugonu [*.....] SH:  0 Dex: 14

rFire    + + .     SeeInvis .   k - +4 dagger (speed)
rCold    x . .     Faith    .   (no shield)
rNeg     + . .     Spirit   .   j - +2 steam dragon scales
rPois    ∞         Reflect  .   p - +2 helmet
rElec    .         Harm     .   r - +1 cloak
rCorr    .         Rampage  .   (no gloves)
Will     .....                  (boots unavailable)
Stlth    ++........             (no amulet)
HPRegen  0.19/turn              c - ring of positive energy
MPRegen  0.00/turn              (no ring)

@: about to teleport, marked, flying
A: fire resistance 2, cold vulnerability 1, float, innate caster, hp casting,
extra vitality 1
a: Renounce Religion, Depart the Abyss


You were on level 6 of the Dungeon.
You worshipped Lugonu.
Lugonu was aware of your devotion.
You visited 2 branches of the dungeon, and saw 8 of its levels.

You collected 405 gold pieces.

Inventory:

Hand Weapons
 f - a +0 falchion
 h - a +3 vampiric dagger
 k - a +4 dagger of speed (weapon)
 q - a +3 quarterstaff of chaos
Armour
 a - a +0 robe
 d - a +2 chain mail of positive energy
 j - +2 steam dragon scales (worn)
 p - a +2 helmet (worn)
 r - a +1 cloak (worn)
 u - a +0 buckler
 z - a +2 robe of fire resistance
Magical Staves
 b - a staff of poison
Jewellery
 c - a ring of positive energy (left hand)
Scrolls
 e - a scroll of teleportation
Potions
 g - a potion of attraction {unknown}
 i - a potion of haste
 l - a potion of curing
 m - 3 potions of mutation
 n - a potion of resistance {unknown}
 o - 2 potions of flight
 s - a potion of cancellation {unknown}
 t - a potion of heal wounds


   Skills:
 + Level 1.2 Fighting
 + Level 0.3 Short Blades
 + Level 3.8 Dodging
 - Level 1.5 Stealth
 * Level 9.6 Spellcasting


You had 2 spell levels left.
You knew the following spells:

 Your Spells              Type           Power      Damage    Failure   Level
a - Foxfire               Conj/Fire      100%       2x1d9     1%          1
b - Conjure Flame         Conj/Fire      45%        6-21      1%          3
c - Inner Flame           Hex/Fire       45%        N/A       1%          3
d - Sticky Flame          Conj/Fire      45%        2d6       1%          4
e - Fireball              Conj/Fire      22%        3d10      4%          5
f - Freeze                Ice            100%       1d11      1%          1
g - Call Imp              Summ           45%        N/A       1%          2
h - Swiftness             Air            45%        N/A       1%          2
i - Fulminant Prism       Conj/Hex       22%        3d13      1%          4
Your spell library was empty.

Dungeon Overview and Level Annotations

Branches:
Dungeon (7/15)             Temple (1/1) D:6

Altars:
Ashenzari
Cheibriados
Dithmenos
Elyvilon
Gozag
Hepliaklqana
Makhleb
Qazlal
Ru
Wu Jian
Yredelemnul
The Shining One
Lugonu

Shops:
D:1 !

Annotations:
D:6 Harold


Innate Abilities, Weirdness & Mutations

You are immune to poison.
Your flesh is very heat resistant. (rF++)
You are vulnerable to cold. (rC-)
You float through the air rather than walking.
You learn spells naturally, not from books.
Your magical power is your life essence.
You have superior vitality. (+4 HP)


Message History

Your foxfire dissipates!
HP restored.
Done exploring.
There is a stone staircase leading up here.
There is a stone staircase leading down here.
You fly downwards.
Level annotation: Harold The orc priest shouts!
Harold throws a throwing net.
The throwing net hits you.
You become entangled in the net!
The orc priest invokes the aid of Beogh against you.
Pain shoots through your body! The orc hits you with a +0 war axe.
There is a stone staircase leading up here.
You see here a throwing net.
You struggle against the net.
The wyvern zombie bites you but does no damage.
The orc hits you but does no damage.
Harold points at you and mumbles some strange words.
A sentinel's mark forms upon you.
Unknown command.
You tear a large gash into the net.
The wyvern zombie bites you. The orc hits you with a +0 war axe.
Harold hits you with a +0 dire flail. The wyvern zombie barely misses you.
You shred the net and break free!
The orc priest looks braver for a moment.
The orc barely misses you. The wyvern zombie misses you.
Harold hits you with a +0 dire flail!
Unknown command.
The wyvern zombie completely misses you.
The orc priest closely misses you. The orc barely misses you.
Harold hits you with a +0 dire flail!
* * * LOW HITPOINT WARNING * * *
You fly upwards.
There is a stone staircase leading down here.
Okay, then.
As you read the scroll of teleportation, it crumbles to dust.
You feel strangely unstable.
The orc priest hits you but does no damage.
The orc hits you but does no damage. Harold hits you with a +0 dire flail!!
You die...

#......###..## #♣...♣#########..
##....### #...# #.....# #..
.....## ##...###♣...♣# ##.
.....# ##.....##.....# #. .....#
##...#..####_### ##.
#....###...#...###### ##..
#....##...##..##.#### ##...
..............##o@..# ###....
##...........###@o..## ##......
#.......<...##).....# ##....##.
#?...#..............####....####
#..####.............##.....##
#.## ##............#.....## #.#
#...##......<..[.)..# ##.#
##...#............>.# #..#
#......(..........###### #..##
##................##♣.♣≈≈


You could see Harold, an orc priest and an orc.

Vanquished Creatures
  A gargoyle (D:6)
  Duvessa (D:4)
  A sky beast (D:6)
  3 ogres
  A necrophage (D:6)
  A centaur (D:5)
  Blork the orc (D:6)
  A scorpion (D:5)
  A wyvern zombie (D:6)
  Dowan (D:4)
  2 bullfrog zombies (D:6)
  3 hounds
  A jelly (D:6)
  Crazy Yiuf (D:4)
  2 orc priests (D:7)
  2 bullfrog skeletons
  5 iguanas
  A howler monkey zombie (D:6)
  7 adders
  2 white imps
  2 adder skeletons (D:4)
  3 worms
  3 dart slugs
  12 orcs
  8 endoplasms
  3 giant cockroaches
  15 goblins
  11 hobgoblins
  7 jackals (D:1)
  9 kobolds
  3 quokkas
  7 ball pythons
  6 bats
  2 frilled lizards
  5 rats
134 creatures vanquished.

Vanquished Creatures (others)
  525 foxfires
525 creatures vanquished.

Grand Total: 659 creatures vanquished

Notes
Turn   | Place    | Note
-------+----------+-------------------------------------------
     0 | D:1      | funkygono the Djinni Fire Elementalist began the quest for
                  | the Orb.
     0 | D:1      | Reached XP level 1. HP: 15/15 MP: 0/0
   296 | D:1      | Reached skill level 3 in Spellcasting
   343 | D:1      | Reached XP level 2. HP: 18/21 MP: 0/0
   710 | D:1      | Reached XP level 3. HP: 23/25 MP: 0/0
   710 | D:1      | Learned a level 1 spell: Freeze
  1165 | D:1      | Found Baemeon's Distillery.
  1231 | D:2      | Found a faded altar of an unknown god.
  1545 | D:2      | Reached skill level 4 in Spellcasting
  1847 | D:2      | Reached XP level 4. HP: 29/31 MP: 0/0
  2788 | D:3      | Reached XP level 5. HP: 22/35 MP: 0/0
  2788 | D:3      | Learned a level 2 spell: Call Imp
  3177 | D:4      | Found a broken altar of Ashenzari.
  3332 | D:4      | Noticed an ogre
  3340 | D:4      | Killed an ogre
  3341 | D:4      | Reached skill level 5 in Spellcasting
  3349 | D:4      | Reached XP level 6. HP: 31/40 MP: 0/0
  3744 | D:4      | Noticed Duvessa
  3744 | D:4      | Noticed Dowan
  3982 | D:4      | Killed Duvessa
  3983 | D:4      | Reached skill level 6 in Spellcasting
  3983 | D:4      | Killed Dowan
  3984 | D:4      | Reached XP level 7. HP: 37/46 MP: 0/0
  3984 | D:4      | Learned a level 2 spell: Swiftness
  4206 | D:4      | Found a runed translucent door.
  4207 | D:4      | Noticed Crazy Yiuf
  4241 | D:4      | Killed Crazy Yiuf
  4709 | D:5      | Entered Level 5 of the Dungeon
  4811 | D:5      | Reached skill level 7 in Spellcasting
  5448 | D:6      | Found a staircase to the Ecumenical Temple.
  5454 | Temple   | Entered the Ecumenical Temple
  5469 | Temple   | Became a worshipper of Lugonu the Unformed
  5469 | Temple   | Reached * piety under Lugonu
  5617 | D:6      | Reached XP level 8. HP: 47/51 MP: 0/0
  5724 | D:6      | Reached skill level 1 in Fighting
  5724 | D:6      | Reached skill level 8 in Spellcasting
  6011 | D:6      | Identified Muplief's Almanac of Supportive Stolen Souls
  6077 | D:6      | Found a hazy altar of Hepliaklqana.
  6224 | D:6      | Noticed a gargoyle
  6241 | D:6      | Killed a gargoyle
  6519 | D:6      | Reached skill level 9 in Spellcasting
  6556 | D:6      | Reached XP level 9. HP: 29/57 MP: 0/0
  6556 | D:6      | Learned a level 4 spell: Fulminant Prism
  6780 | D:6      | Noticed Blork the orc
  6798 | D:6      | Killed Blork the orc
  7144 | D:6      | Found a glowing golden altar of the Shining One.
  7238 | D:7      | Noticed Harold
  7468 | D:7      | Found a shadowy altar of Dithmenos.
  7663 | D:6      | Mangled by Harold

Illustrated notes

Levels and vault maps discovered:
D:1:      matt_arrival_refuge, layout_basic, serial_shops,
          nicolae_shop_window_shopping
D:2:      layout_basic, basic_ecumenical_altar, kennysheep_generic_room_5
D:3:      layout_rooms
D:4:      cheibrodos_greedy_goblins, layout_cave_pools,
          nicolae_ashenzari_panopticon, minmay_misc_feat_encased, uniq_duvessa,
          uniq_crazy_yiuf_cottage
D:5:      layout_rooms
D:6:      layout_layer_cave, tso_altar, worldfamousw_hep_ancestral_shrine,
          temple_green, grunt_potential, uniq_blork_the_orc
D:7:      layout_rooms, nicolae_dithmenos_the_darkroom,
          grunt_temple_overflow_open, gammafunk_ghost_split, uniq_harold
Temple:   corrupted_temple

Skill      XL: |  1  2  3  4  5  6  7  8 |
---------------+-------------------------+-----
Spellcasting   | 3 4 5 6 7 9 |  9.6
Fighting       | 1 |  1.2
Dodging        | 3 |  3.8
Short Blades   | |  0.3
Stealth        | |  1.5

Action                   |  1- 3 |  4- 6 |  7- 9 || total
-------------------------+-------+-------+-------++-------
Melee: Dagger            |     1 |     1 |     3 ||     5
 Cast: Foxfire           |    73 |    91 |   144 ||   308
       Call Imp          |       |     2 |       ||     2
       Sticky Flame      |       |       |    11 ||    11
       Swiftness         |       |       |     1 ||     1
       Conjure Flame     |       |       |     2 ||     2
       Fireball          |       |       |     1 ||     1
  Use: Scroll            |     3 |     8 |     9 ||    20
       Potion            |       |     2 |       ||     2
Armor: Robe              |     1 |       |       ||     1
       Steam dragon scal |       |     8 |    16 ||    24
Dodge: Dodged            |    11 |    19 |    33 ||    63

Table legend: (Time is in decaauts)
 A = Elapsed time spent in this place.
 B = Non-inter-level travel time spent in this place.
 C = Inter-level travel time spent in this place.
 D = Time resting spent in this place.
 E = Time spent auto-exploring this place.
 F = Levels seen in this place.
 G = Mean time per level.
                   A        B        C        D        E       F      G
               +--------+--------+--------+--------+--------+-----+--------+
         Total |   7664 |   7441 |    223 |    451 |   6010 |   8 |  958.0 |
       Dungeon |   7634 |   7426 |    208 |    451 |   6010 |   7 | 1090.6 |
        Temple |     29 |     15 |     14 |      0 |      0 |   1 |   29.0 |
               +--------+--------+--------+--------+--------+-----+--------+

Top non-repeatable levels by time:
     D:6: 2213 daAuts
     D:4: 1542 daAuts
     D:2: 1332 daAuts
     D:1: 1207 daAuts
     D:5: 656 daAuts
     D:3: 625 daAuts
     D:7: 56 daAuts
  Temple: 29 daAuts
